 Dungeon Sprint DCSS version 0.26-a0-1058-g8dc6ce00ff (webtiles) character file.

Game seed: 2976579267046228850

80697 Adamkad1 the Hoplite (level 16, -1/117 HPs)
             Began as a Formicid Fighter on Dec 13, 2020.
             Was a High Priest of Uskayaw.
             Slain by a blink frog (shapeshifter) (4 damage)
             ... in the Dungeon (Sprint V: "Ziggurat Sprint").
             The game lasted 00:21:32 (3393 turns).

Adamkad1 the Hoplite (Formicid Fighter)             Turns: 3393, Time: 00:21:33

Health: -1/117     AC: 39    Str: 31    XL:     16   Next: 15%
Magic:  7/26       EV:  4    Int:  7    God:    Uskayaw [*****.]
Gold:   0          SH: 44    Dex: 25    Spells: 15/15 levels left

rFire    + + .     SeeInvis +   B - +10 dark maul {vorpal}
rCold    + . .     Faith    .   D - +18 shield of the Gong {rElec rN+ Will+ EV-5}
rNeg     + . .     Spirit   .   C - +15 Maxwell's patent armour {-Cast -Tele rElec Will+ rCorr}
rPois    .         Reflect  +   (helmet unavailable)
rElec    +         Harm     .   i - +0 cloak "Wocsoaph" {Rampage rC+ Will- Dex+3}
rCorr    +         Rampage  +   (no gloves)
Will     +++..     NoCast   +   w - +2 pair of boots "Qiwk" {rF++ rCorr}
Stlth    ..........             L - amulet of reflection
HPRegen  0.29/turn              F - ring "Evvifost" {Will+ rCorr Dex+8}
MPRegen  0.20/turn              M - ring "Farunomm" {Str+4 Int+2 Dex+6}

@: lethally poisoned (-1 -> -42), studying 2 skills
A: permanent stasis, dig shafts and tunnels, four strong arms, antennae 3,
blurry vision 1, clumsy 1, [dopey 2], [frail 2], [low mp 1]
a: Dig, Stomp, Line Pass, Grand Finale, Renounce Religion


You were in the Dungeon.
You worshipped Uskayaw.
Uskayaw was most pleased with you.
You visited 1 branch

Inventory:

Hand Weapons
 B - the +10 dark maul (weapon) {vorpal}
   (You found it in the Dungeon)

   It inflicts extra damage upon your enemies.
Armour
 i - the +0 cloak "Wocsoaph" (worn) {Rampage rC+ Will- Dex+3}
   (You acquired it in the Dungeon)

   It affects your dexterity (+3).
   It protects you from cold.
   It affects your willpower, your defense against some magical effects.
   It bestows one free step when moving towards enemies.
 w - the +2 pair of boots "Qiwk" (worn) {rF++ rCorr}
   (You found it in the Dungeon)

   It greatly protects you from fire.
   It provides partial protection from all sources of acid and corrosion.
 C - the +15 Maxwell's patent armour (worn) {-Cast -Tele rElec Will+ rCorr}
   (You found it in the Dungeon)

   It insulates you from electricity.
   It affects your willpower, your defense against some magical effects.
   It prevents spellcasting.
   It prevents most forms of teleportation.
   It provides partial protection from all sources of acid and corrosion.
 D - the +18 shield of the Gong (worn) {rElec rN+ Will+ EV-5}
   (You found it in the Dungeon)

   It affects your evasion (-5).
   It insulates you from electricity.
   It protects you from negative energy.
   It affects your willpower, your defense against some magical effects.
Jewellery
 b - an uncursed ring of magical power
 c - an uncursed ring of willpower
 k - an uncursed ring of resist corrosion
 n - the ring "Zaithu" {Ice rPois Dex+5}
   (You acquired it in the Dungeon)

   [ring of ice]

   It enhances your ice magic.
   It affects your dexterity (+5).
   It makes you vulnerable to fire.
   It protects you from cold.
   It protects you from poison.
 u - an uncursed ring of flight
 v - the brooch of Shielding {Spirit SH+8}
   (You found it in the Dungeon)

   [amulet of guardian spirit]

   It causes incoming damage to be split between your health and magic.
   It affects your SH (+8).
 x - an uncursed ring of wizardry
 y - the ring "Sudiuvat" {Wiz Will+ Int+2 Dex+4}
   (You found it in the Dungeon)

   [ring of wizardry]

   It improves your spell success rate.
   It affects your intelligence (+2).
   It affects your dexterity (+4).
   It affects your willpower, your defense against some magical effects.
 A - an uncursed ring of poison resistance
 F - the ring "Evvifost" (left hand) {Will+ rCorr Dex+8}
   (You found it in the Dungeon)

   [ring of resist corrosion]

   It affects your dexterity (+8).
   It affects your willpower, your defense against some magical effects.
   It provides partial protection from all sources of acid and corrosion.
 G - an uncursed amulet of regeneration
 H - an uncursed ring of positive energy
 J - an uncursed ring of protection from fire
 L - an amulet of reflection (around neck)
 M - the ring "Farunomm" (right hand) {Str+4 Int+2 Dex+6}
   (You found it in the Dungeon)

   [ring of dexterity]

   It affects your strength (+4).
   It affects your intelligence (+2).
   It affects your dexterity (+6).
Wands
 r - a wand of disintegration (7)
 s - a wand of iceblast (7)
 t - a wand of acid (7)
Scrolls
 a - 4 scrolls of enchant weapon
 l - 4 scrolls of amnesia
 m - 7 scrolls of fog
 o - 5 scrolls of identify
 p - 5 scrolls of remove curse
 q - 2 scrolls of fear
 E - 4 scrolls of brand weapon
Potions
 d - 3 potions of might
 e - 9 potions of curing
 f - 5 potions of heal wounds
 g - 7 potions of magic
 h - 2 potions of brilliance
 j - 3 potions of resistance
Books
 z - a manual of Fighting
 K - a manual of Transmutations


   Skills:
 + Level 19.5 Fighting
 * Level 22.1 Maces & Flails
 + Level 18.3 Armour
 * Level 26.3 Shields
 + Level 19.2 Invocations


You had 15 spell levels left.
You didn't know any spells.
Your spell library contained the following spells:

 Spells                   Type           Power        Failure   Level
 Sting                    Tmut/Pois      #...         89%         1
 Ensorcelled Hibernation  Hex/Ice        #.....       96%         2
 Passwall                 Tmut/Erth      #.......     96%         2
 Wereblood                Tmut           #.......     96%         2
 Dispel Undead            Necr           #.......     100%        4
 Hailstorm                Conj/Ice       #.......     100%        4
 Ice Form                 Ice/Tmut       #.......     100%        4
 Agony                    Necr           #.......     100%        5
 Alistair's Intoxication  Tmut/Pois      #........    100%        5
 Haunt                    Necr/Summ      #.........   100%        7
 Borgnjor's Revivificati  Necr           #.........   100%        8
 Infestation              Necr           #.........   100%        8
 Necromutation            Tmut/Necr      #.........   100%        8
 Death's Door             Necr           #.........   100%        9


Dungeon Overview and Level Annotations

Branches:
Dungeon (1/1)

Altars:
Ashenzari
Cheibriados
Dithmenos
Elyvilon
Fedhas
Gozag
Hepliaklqana
Kikubaaqudgha
Makhleb
Nemelex Xobeh
Okawaru
Qazlal
Ru
Sif Muna
Trog
Uskayaw
Vehumet
Wu Jian
Xom
Yredelemnul
Zin
The Shining One
Beogh
Jiyva
Lugonu

Annotations:
D 1 transporter


Innate Abilities, Weirdness & Mutations

You cannot be hasted, slowed, berserked, paralysed or teleported.
You can dig through walls and to a lower floor.
Your four strong arms can wield two-handed weapons with a shield.
You have a pair of large antennae on your head. (SInv)
Scrolls take you a little longer to read.
You are clumsy. (Dex -2)
[You are very dopey. (Int -4)]
[You are very frail. (-20% HP)]
[Your magical capacity is low. (-10% MP)]


Message History

The ufetubus hits you but does no damage. x2
You feel much better.
* * * LOW HITPOINT WARNING * * *
You feel very sick. You block the sixfirhy's attack.
GONNNNG!
You block the sixfirhy's attack.
GONNNNG!
You block the death drake's attack.
PANG!
You block the ufetubus's attack.
GONNNNG!
The ufetubus hits you but does no damage.
The sixfirhy hits you but does no damage.
The sun demon hits you!!
* * * LOW HITPOINT WARNING * * *
You are engulfed in flames.
You resist.
* * * LOW HITPOINT WARNING * * *
The blink frog hits you.
You die...

▓▓...............▓.▓.▓.....▓.▓.▓.
▓▓...............▓..▓.......▓..▓.
▓▓...▓.......▓...▓.............▓▓
▓▓...............▓......©......▓.
▓ ...............▓▓▓▓▓▓▓▓▓▓▓▓▓▓▓.
.......©.......▓.....8©8.....▓.
▓▓▓▓▓▓▓▓▓▓▓▓▓▓▓▓..:}.[[)[[|..▓.
.....8©8.5*3k5▓..))))):)::..▓.
.|):).}}[5lX3@▓.............▓.
.:}[))|}}:4xF3▓.............▓.
......:)=...X5x▓.............▓.
.........[..5.5▓.............▓.
...............▓........÷....▓.
...............▓..▓.......▓..▓.
...............▓.▓▓▓....÷▓▓▓.▓▓
...............▓..▓.....[.▓..▓.
...............▓........[.÷..▓.


You could see a death drake (catching breath), a wretched star, a sun demon, 2
large abominations, a sixfirhy, a basilisk, a blink frog shaped shifter (very
poisoned, slow), a ynoxinul, a chaos spawn, 2 small abominations, an iron imp
and 5 ufetubi.

Vanquished Creatures
  An ancient lich (D)
  3 liches (D)
  4 tentacled starspawn (D)
  A shadow dragon (D)
  2 azure jellies (D)
  4 very ugly things (D)
  5 vampire knights (D)
  A death ooze (D)
  16 vault guards (D)
  An ice dragon (shapeshifter) (D)
  2 hydras (D)
  2 spriggan air magi (D)
  An alligator (shapeshifter) (D)
  2 anacondas (shapeshifter) (D)
  A dancing weapon (D)
  6 vampire magi (D)
  A wretched star (D)
  A skeletal warrior (D)
  2 unseen horrors (shapeshifter) (D)
  2 death drakes (shapeshifter) (D)
  A deep troll (shapeshifter) (D)
  An unseen horror (D)
  A spriggan druid (D)
  A lindwurm (shapeshifter) (D)
  3 deep elf archers (D)
  A necromancer (D)
  An orb spider (shapeshifter) (D)
  5 deep elf magi (D)
  2 shining eyes (D)
  A shining eye (shapeshifter) (D)
  5 ugly things (D)
  6 slime creatures (D)
  A cyclops (shapeshifter) (D)
  4 toenail golems (D)
  A moth of wrath (shapeshifter) (D)
  An elephant (shapeshifter) (D)
  2 black mambas (D)
  2 elephants (D)
  2 water nymphs (shapeshifter) (D)
  An eye of devastation (D)
  An orange demon (D)
  A torpor snail (shapeshifter) (D)
  A cane toad (shapeshifter) (D)
  A cane toad (D)
  2 rime drakes (D)
  3 yaktaurs (D)
  A freezing wraith (D)
  2 komodo dragons (D)
  A red devil (D)
  A hornet (shapeshifter) (D)
  A polar bear (shapeshifter) (D)
  A meliai (shapeshifter) (D)
  2 blink frogs (D)
  An air elemental (D)
  4 vampires (D)
  A redback (shapeshifter) (D)
  3 spriggans (D)
  6 shadows (D)
  A basilisk (D)
  A tarantella (shapeshifter) (D)
  A wraith (D)
  A yak (D)
  A basilisk (shapeshifter) (D)
  A fire bat (D)
  2 golden eyes (D)
  A hog (shapeshifter) (D)
  A steam dragon (shapeshifter) (D)
  A chaos spawn (D)
  A large abomination (D)
  A naga (D)
  4 water moccasins (D)
  A black bear (D)
  An eye of draining (D)
  A necrophage (D)
  2 wolves (D)
  2 earth elementals (D)
  4 wights (D)
  3 crimson imps (D)
  A quasit (D)
  3 jellies (D)
  2 iron imps (D)
  An adder (D)
  A shadow imp (D)
  2 white imps (D)
  4 ufetubi (D)
  2 oozes (D)
  An adder skeleton (D)
  An adder zombie (D)
  An adder simulacrum (D)
  3 ball pythons (D)
  4 bat skeletons (D)
  2 bat zombies (D)
  A giant cockroach zombie (D)
  A leopard gecko skeleton (D)
  A quokka zombie (D)
  7 starspawn tentacles (D)
202 creatures vanquished.

Vanquished Creatures (others)
  A hydra (D)
  A dancing weapon (D)
  A deep elf mage (D)
  A jelly (D)
  10 starspawn tentacles (D)
14 creatures vanquished.

Grand Total: 216 creatures vanquished

Notes
Turn   | Place    | Note
-------+----------+-------------------------------------------
     0 | D        | Adamkad1 the Formicid Fighter began the quest for the Orb.
     0 | D        | Reached XP level 1. HP: 18/18 MP: 1/1
     0 | D        | Found a blossoming altar of Fedhas.
     1 | D        | Found the +6 Majin-Bo {vamp, MP+6 Int+6}
     1 | D        | Found the +9 heavy crossbow "Sniper" {vorpal, Acc+∞ SInv}
     1 | D        | Found the +10 dark maul {vorpal}
     1 | D        | Found the +15 Maxwell's patent armour {-Cast -Tele rElec
                  | Will+ rCorr}
     1 | D        | Found the +18 shield of the Gong {rElec rN+ Will+ EV-5}
     1 | D        | Found the cursed +14 obsidian axe {vorpal, +Fly SInv
                  | *Curse}
     1 | D        | Found the +7 great mace "Firestarter" {inner flame, rF++}
     1 | D        | Found the +6 shillelagh "Devastator" {shatter}
     1 | D        | Found the +11 plutonium sword {*Contam Stlth-}
     1 | D        | Found the +8 lance "Wyrmbane" {slay drac, rPois rF+ rC+
                  | AC+3}
     1 | D        | Found the +9 sword of Zonguldrok {reap}
     1 | D        | Found the cursed +13 scythe of Curses {drain, *Curse}
     1 | D        | Found the +0 sword of Power
     1 | D        | Found the +7 mace of Variability {chain chaos}
     1 | D        | Found the +7 Singing Sword {vorpal, sonic wave}
     1 | D        | Found the +8 storm bow {elec, penet}
     1 | D        | Found a shimmering blue altar of Sif Muna.
     1 | D        | Found a sacrificial altar of Ru.
     1 | D        | Found a bloodstained altar of Trog.
     1 | D        | Found a stormy altar of Qazlal.
     1 | D        | Found an iron altar of Okawaru.
     1 | D        | Found a sparkling altar of Nemelex Xobeh.
     3 | D        | Found a transporter.
     3 | D        | Found an ancient bone altar of Kikubaaqudgha.
     3 | D        | Found a viscous altar of Jiyva.
     3 | D        | Found a corrupted altar of Lugonu.
     3 | D        | Found a hazy altar of Hepliaklqana.
     3 | D        | Found a burning altar of Makhleb.
     3 | D        | Found an opulent altar of Gozag.
    54 | D        | Reached skill level 9 in Shields
    54 | D        | Reached XP level 2. HP: 24/24 MP: 2/2
    64 | D        | Became a worshipper of Uskayaw the Reveller
    79 | D        | Entered arena 2.
    79 | D        | Noticed a crimson imp
    79 | D        | Found a transporter.
    82 | D        | Killed a crimson imp
    82 | D        | Reached * piety under Uskayaw
    83 | D        | Reached skill level 10 in Shields
    83 | D        | Reached XP level 3. HP: 30/30 MP: 3/3
    83 | D        | Reached ** piety under Uskayaw
    93 | D        | Entered arena 3.
    93 | D        | Found a transporter.
    99 | D        | Reached XP level 4. HP: 34/37 MP: 4/4
   129 | D        | Entered arena 4.
   129 | D        | Found a transporter.
   134 | D        | Reached skill level 1 in Invocations
   137 | D        | Reached XP level 5. HP: 32/43 MP: 4/6
   137 | D        | Reached *** piety under Uskayaw
   138 | D        | Reached skill level 5 in Fighting
   138 | D        | Reached skill level 5 in Armour
   214 | D        | Entered arena 5.
   214 | D        | Noticed an orange demon
   214 | D        | Noticed a red devil
   214 | D        | Found a transporter.
   217 | D        | Killed an orange demon
   218 | D        | Reached skill level 12 in Shields
   218 | D        | Reached skill level 5 in Invocations
   218 | D        | Reached XP level 6. HP: 53/53 MP: 7/9
   218 | D        | Reached XP level 7. HP: 59/59 MP: 7/10
   220 | D        | Killed a red devil
   226 | D        | Reached skill level 13 in Shields
   246 | D        | Entered arena 6.
   246 | D        | Noticed a deep elf mage
   246 | D        | Noticed a deep elf mage
   246 | D        | Noticed a deep elf mage
   246 | D        | Noticed a deep elf archer
   246 | D        | Noticed a basilisk
   246 | D        | Found a transporter.
   249 | D        | Noticed a fire elemental
   249 | D        | Killed a basilisk
   250 | D        | Reached XP level 8. HP: 63/67 MP: 12/12
   251 | D        | Killed a deep elf mage
   252 | D        | Killed a deep elf mage
   253 | D        | Reached skill level 14 in Shields
   253 | D        | Reached XP level 9. HP: 68/75 MP: 12/14
   253 | D        | Reached **** piety under Uskayaw
   254 | D        | Killed a deep elf mage
   254 | D        | Reached ***** piety under Uskayaw
   255 | D        | Reached skill level 10 in Maces & Flails
   255 | D        | Killed a deep elf archer
   256 | D        | Reached skill level 15 in Shields
   366 | D        | Entered arena 7.
   367 | D        | Found a transporter.
   370 | D        | Reached XP level 10. HP: 75/83 MP: 16/16
   438 | D        | Entered arena 8.
   438 | D        | Noticed a toenail golem
   438 | D        | Noticed a toenail golem
   438 | D        | Noticed a toenail golem
   438 | D        | Noticed a toenail golem
   439 | D        | Found a transporter.
   442 | D        | Killed a toenail golem
   443 | D        | Reached skill level 10 in Armour
   443 | D        | Killed a toenail golem
   444 | D        | Reached skill level 10 in Fighting
   444 | D        | Reached skill level 16 in Shields
   444 | D        | Killed a toenail golem
   445 | D        | Reached skill level 10 in Invocations
   445 | D        | Killed a toenail golem
   645 | D        | Entered arena 9.
   645 | D        | Noticed a freezing wraith
   646 | D        | Found a transporter.
   648 | D        | Killed a freezing wraith
   715 | D        | Got the Disquisition on Shifting Ice
   723 | D        | Entered arena 10.
   723 | D        | Noticed a deep elf mage
   723 | D        | Noticed a deep elf archer
   723 | D        | Noticed a +2 glaive of venom
   723 | D        | Noticed a deep elf archer
   723 | D        | Noticed a +1 trident of freezing
   723 | D        | Noticed a deep elf mage
   723 | D        | Noticed a deep elf mage
   725 | D        | Found a transporter.
   728 | D        | Killed a +2 glaive of venom
   730 | D        | Killed a deep elf mage
   731 | D        | Reached XP level 11. HP: 40/92 MP: 17/19
   731 | D        | Killed a +1 trident of freezing
   733 | D        | Killed a deep elf archer
   733 | D        | Killed a deep elf mage
   734 | D        | Reached skill level 17 in Shields
   735 | D        | Killed a deep elf mage
   737 | D        | Killed a deep elf archer
   937 | D        | Got the ring "Evvifost" {Will+ rCorr Dex+8}
   950 | D        | Got the Incunabulum of Mutagenic Unholy Arts
   964 | D        | Entered arena 11.
   965 | D        | Found the +5 robe of Misfortune {*Contam Harm *Corrode
                  | *Drain *Slow EV+5}
   965 | D        | Found a transporter.
  1083 | D        | Entered arena 12.
  1083 | D        | Noticed a vampire mage
  1083 | D        | Noticed a vampire knight
  1083 | D        | Noticed a skeletal warrior
  1084 | D        | Noticed a necromancer
  1085 | D        | Found a transporter.
  1086 | D        | Noticed a shadow wraith
  1089 | D        | Noticed a flayed ghost
  1090 | D        | Killed a vampire knight
  1094 | D        | Killed a vampire mage
  1095 | D        | Reached skill level 18 in Shields
  1097 | D        | Killed a necromancer
  1099 | D        | Killed a skeletal warrior
  1164 | D        | Entered arena 13.
  1165 | D        | Noticed an azure jelly
  1167 | D        | Found a transporter.
  1176 | D        | Killed an azure jelly
  1177 | D        | Reached XP level 12. HP: 32/102 MP: 21/21
  1179 | D        | Reached skill level 19 in Shields
  1403 | D        | Acquired the ring "Zaithu" {Ice rPois Dex+5}
  1409 | D        | Entered arena 14.
  1410 | D        | Noticed a death ooze
  1411 | D        | Found the +8 longbow "Zephyr" {speed, Dex+3 SInv}
  1411 | D        | Noticed an azure jelly
  1412 | D        | Found a transporter.
  1413 | D        | Killed a death ooze
  1414 | D        | Reached skill level 15 in Maces & Flails
  1414 | D        | Killed an azure jelly
  1417 | D        | Gained mutation: You are clumsy. (Dex -2) [a shining eye]
  1461 | D        | Got the ring "Farunomm" {Str+4 Int+2 Dex+6}
  1494 | D        | Entered arena 15.
  1495 | D        | Noticed a vampire knight
  1495 | D        | Noticed a vampire knight
  1495 | D        | Noticed a vampire mage
  1496 | D        | Identified the +6 battleaxe of Midnight {vorpal, Str+4}
  1496 | D        | Noticed a vampire mage
  1500 | D        | Noticed a flayed ghost
  1500 | D        | Killed a vampire knight
  1500 | D        | Noticed a vampire mage
  1501 | D        | Reached skill level 20 in Shields
  1501 | D        | Killed a vampire knight
  1502 | D        | Noticed a flayed ghost
  1503 | D        | Noticed a jiangshi
  1504 | D        | Noticed a lich
  1504 | D        | Killed a vampire mage
  1505 | D        | Reached XP level 13. HP: 108/111 MP: 23/23
  1506 | D        | Killed a lich
  1507 | D        | Found the brooch of Shielding {Spirit SH+8}
  1515 | D        | Found a transporter.
  1652 | D        | Got the +2 pair of boots "Qiwk" {rF++ rCorr}
  1667 | D        | Entered arena 16.
  1672 | D        | Noticed a vampire knight
  1674 | D        | Noticed an ancient lich
  1675 | D        | Reached skill level 21 in Shields
  1675 | D        | Noticed a vampire knight
  1675 | D        | Noticed a jiangshi
  1677 | D        | Killed an ancient lich
  1678 | D        | Reached skill level 15 in Invocations
  1679 | D        | Killed a vampire knight
  1680 | D        | Reached skill level 22 in Shields
  1680 | D        | Found a transporter.
  1681 | D        | Reached skill level 15 in Armour
  1681 | D        | Reached XP level 14. HP: 65/121 MP: 15/25
  1682 | D        | Killed a vampire knight
  1690 | D        | Reached skill level 15 in Fighting
  2084 | D        | Entered arena 17.
  2102 | D        | Found a transporter.
  2390 | D        | Entered arena 18.
  2398 | D        | Identified the ring of Xom's Passing Interest {+Fly rPois
                  | rN+ Dex+4 Stlth-}
  2404 | D        | HP: 1/123 [spriggan air mage (9)]
  2405 | D        | Reached skill level 23 in Shields
  2412 | D        | Reached ****** piety under Uskayaw
  2427 | D        | Found the +4 Cigotuvi's embrace {rRot *Drain rN+}
  2746 | D        | Found a transporter.
  2758 | D        | Entered arena 19.
  2762 | D        | Noticed a purple very ugly thing
  2762 | D        | Noticed a green very ugly thing
  2762 | D        | Noticed a brown very ugly thing
  2763 | D        | Noticed a white very ugly thing
  2768 | D        | Killed a purple very ugly thing
  2771 | D        | Killed a green very ugly thing
  2773 | D        | Killed a red very ugly thing
  2774 | D        | Reached skill level 24 in Shields
  2774 | D        | Killed a white very ugly thing
  2774 | D        | Noticed a ghost moth
  2774 | D        | a boulder beetle changed into a ghost moth
  2774 | D        | Gained mutation: Scrolls take you a little longer to read.
                  | [a shining eye]
  2775 | D        | Reached XP level 15. HP: 103/132 MP: 27/27
  2775 | D        | a ghost moth changed into an ice dragon
  2940 | D        | Found a transporter.
  2953 | D        | Got the ring "Sudiuvat" {Wiz Will+ Int+2 Dex+4}
  2973 | D        | Acquired the +0 cloak "Wocsoaph" {Rampage rC+ Will- Dex+3}
  2984 | D        | Entered arena 20.
  2990 | D        | Noticed a lich
  2990 | D        | Noticed a shadow dragon
  2991 | D        | Found a transporter.
  2991 | D        | Noticed a lich
  2991 | D        | Identified the +7 morningstar "Icwairez" {freeze, rF++}
  2991 | D        | Identified the +8 chain mail of a volcano {Slay+5}
  2997 | D        | Killed a lich
  3000 | D        | Killed a lich
  3001 | D        | Reached skill level 25 in Shields
  3003 | D        | Killed a shadow dragon
  3335 | D        | Got the cursed ring "Voovemon" {rElec rPois Str+5 Slay-4
                  | SInv}
  3363 | D        | Entered arena 21.
  3367 | D        | Noticed a tentacled starspawn
  3368 | D        | Noticed a tentacled starspawn
  3369 | D        | Noticed a tentacled starspawn
  3369 | D        | Identified the +3 plate armour of Aceschit {Str+4}
  3369 | D        | Noticed a tentacled starspawn
  3372 | D        | Killed a tentacled starspawn
  3374 | D        | Found a transporter.
  3384 | D        | Reached skill level 26 in Shields
  3385 | D        | Killed a tentacled starspawn
  3385 | D        | Killed a tentacled starspawn
  3386 | D        | Reached XP level 16. HP: 72/115 MP: 4/23
  3388 | D        | Killed a tentacled starspawn
  3393 | D        | HP: 3/117 [sun demon (4)]
  3393 | D        | Slain by a blink frog (shapeshifter)

Illustrated notes

Levels and vault maps discovered:
D:        sprint_v [room_start, room_1, room_2, room_3, room_4, room_5, room_6,
          room_7, room_8, room_9, room_10, room_11, room_12, room_13, room_14,
          room_15, room_16, room_17, room_18, room_19, room_20, room_21,
          room_22, room_23, room_24, room_25, room_26, room_27]

Skill      XL: |  1  2  3  4  5  6  7  8  9 10 11 12 13 14 15 |
---------------+----------------------------------------------+-----
Shields        | 9 10 12 13 14 15 16 18 20 22 24 26 | 26.3
Fighting       | 4 6 7 8 9 10 12 13 14 16 19 | 19.5
Armour         | 4 6 7 8 9 10 12 13 15 16 18 | 18.3
Maces & Flails | 3 4 6 8 9 11 12 14 16 18 20 22 | 22.1
Invocations    | 2 5 6 7 9 10 12 13 15 17 19 | 19.2

Action                   |  1- 3 |  4- 6 |  7- 9 | 10-12 | 13-15 | 16-18 || total
-------------------------+-------+-------+-------+-------+-------+-------++-------
Melee: Maul              |     6 |    10 |    14 |    69 |   107 |     5 ||   211
Invok: Line Pass         |       |       |       |     3 |     6 |       ||     9
       Stomp             |       |       |       |     2 |     7 |       ||     9
       Grand Finale      |       |       |       |       |     2 |       ||     2
  Use: Potion            |     1 |       |       |     3 |    11 |     3 ||    18
       Scroll            |       |       |       |     2 |     1 |       ||     3
 Stab: Paralysed         |       |       |     2 |    12 |    15 |     2 ||    31
       Invisible         |       |       |       |     1 |     7 |       ||     8
       Confused          |       |       |       |     1 |     1 |       ||     2
Armor: Plate armour      |    13 |     9 |    16 |   194 |   257 |    25 ||   514
Dodge: Dodged            |     4 |     1 |       |    18 |    46 |     4 ||    73
Block: Kite shield       |    19 |    25 |    30 |   229 |   453 |    39 ||   795
       Reflection        |       |       |       |       |     2 |       ||     2

Table legend: (Time is in decaauts)
 A = Elapsed time spent in this place.
 B = Non-inter-level travel time spent in this place.
 C = Inter-level travel time spent in this place.
 D = Time resting spent in this place.
 E = Time spent auto-exploring this place.
 F = Levels seen in this place.
 G = Mean time per level.
                   A        B        C        D        E       F      G
               +--------+--------+--------+--------+--------+-----+--------+
         Total |   3649 |   3649 |      0 |   2591 |      0 |   1 | 3649.0 |
       Dungeon |   3649 |   3649 |      0 |   2591 |      0 |   1 | 3649.0 |
               +--------+--------+--------+--------+--------+-----+--------+

Top non-repeatable levels by time:
       D: 3649 daAuts
